 Dungeon Crawl Stone Soup version 0.20.1-1-g8b1a95d (webtiles) character file.

135 jmlagarto the Charmwright (level 5, 0/39 HPs)
             Began as a Merfolk Skald on Aug 19, 2017.
             Succumbed to Crazy Yiuf's poison
             ... on level 2 of the Dungeon.
             The game lasted 00:16:58 (3179 turns).

jmlagarto the Charmwright (Merfolk Skald)           Turns: 3179, Time: 00:16:59

Health: 0/39       AC:  9    Str: 12    XL:     5   Next: 18%
Magic:  8/8        EV: 15    Int: 19    God:
Gold:   120        SH:  0    Dex: 19    Spells: 7/8 levels left

rFire    . . .     SeeInvis .   a - +0 hand axe
rCold    . . .     Gourm    .   (no shield)
rNeg     . . .     Faith    .   f - +0 scale mail
rPois    .         Spirit   .   (no helmet)
rElec    .         Reflect  .   (no cloak)
rCorr    .         Harm     .   (no gloves)
MR       .....                  v - +2 pair of boots
Stlth    +.........             (no amulet)
Regen    0.2/turn               d - +2 ring of intelligence
MPRegen  0.2/turn               (no ring)

@: brilliant, agile, lethally poisoned (0 -> -1), berserk cooldown, slowed,
drained, very slow
A: change form in water, swift swim, stealthy swim
a: no special abilities


You were on level 2 of the Dungeon.
You were not hungry.

You visited 1 branch of the dungeon, and saw 2 of its levels.

You collected 120 gold pieces.

Inventory:

Hand Weapons
 a - a +0 hand axe (weapon)
 o - a +4 quarterstaff of chaos
 r - a +0 dagger
Missiles
 m - 22 poisoned needles
Armour
 b - a +0 leather armour
 f - a +0 scale mail (worn)
 l - a +0 leather armour
 q - a +0 cloak of magic resistance
 v - a +2 pair of boots (worn)
Jewellery
 d - a +2 ring of intelligence (left hand)
Scrolls
 e - a scroll of identify
 h - 4 scrolls of fog
 k - 2 scrolls of remove curse
 t - a scroll of noise {unknown}
Potions
 j - 2 potions of degeneration
Books
 c - a book of Battle

   Spells                             Type                      Level
   a - Infusion                       Charms                       1
   b - Shroud of Golubria             Charms/Translocation         2
   c - Song of Slaying                Charms                       2
   d - Spectral Weapon                Hexes/Charms                 3
   e - Regeneration                   Charms/Necromancy            3
Comestibles
 i - 2 meat rations
 p - a chunk of flesh


   Skills:
 + Level 2.7 Fighting
 + Level 2.9(2.8) Axes
 + Level 1.8(1.7) Armour
 + Level 3.5(3.4) Dodging
 + Level 2.1 Spellcasting
 + Level 3.5 Charms


You had 7 spell levels left.
You knew the following spells:

 Your Spells              Type           Power        Failure   Level  Hunger
a - Infusion              Chrm           ####         2%          1    #......


Dungeon Overview and Level Annotations

Branches:
Dungeon (2/15)

Altars:
Qazlal
Ru
Yredelemnul


Message History

Really abort (and waste the scroll)? [Y]es or [N]o only, please.
Really abort (and waste the scroll)? [Y]es or [N]o only, please.
Really abort (and waste the scroll)? [Y]es or [N]o only, please.
Really abort (and waste the scroll)? [Y]es or [N]o only, please.
Really abort (and waste the scroll)?
Uppercase [Y]es or [N]o only, please.
Really abort (and waste the scroll)?
Uppercase [Y]es or [N]o only, please.
Really abort (and waste the scroll)?
Okay, then.
As you read the scroll labeled POXEGUL DOPLUZ, it crumbles to dust.
It is a scroll of recharging.
You aren't carrying any rechargeable items.
As you read the scroll labeled QIMELU CEHOOR, it crumbles to dust.
You feel momentarily disoriented.
It was a scroll of magic mapping.
You die...

...##########.##.##.#
#................##.#
....#################
...## #..# #..###♣♣
##### .....#.♣♣
♣♣#..)#
##....PP♣♣♣♣.'†..#
##....P.♣..♣#..@#
##.#P.♣.♣♣♣#####
###♣♣♣♣♣


There were no monsters in sight!

Vanquished Creatures
  Crazy Yiuf (D:2)
  6 adders (D:2)
  2 dart slugs
  4 worms (D:2)
  4 leopard geckos
  2 bats
  A giant cockroach (D:2)
  7 goblins
  2 hobgoblins (D:1)
  A frilled lizard (D:1)
  3 kobolds
  8 rats
41 creatures vanquished.

Notes
Turn   | Place    | Note
-------+----------+-------------------------------------------
     0 | D:1      | jmlagarto the Merfolk Skald began the quest for the Orb.
     0 | D:1      | Reached XP level 1. HP: 16/16 MP: 3/3
   124 | D:1      | Reached XP level 2. HP: 15/23 MP: 5/5
   946 | D:2      | Reached XP level 3. HP: 28/28 MP: 6/6
  1389 | D:2      | Found a runed door.
  1561 | D:2      | Reached skill level 1 in Armour
  1640 | D:2      | Found a stormy altar of Qazlal.
  1716 | D:2      | Reached XP level 4. HP: 26/34 MP: 7/7
  1891 | D:2      | Found a sacrificial altar of Ru.
  3044 | D:2      | Found a basalt altar of Yredelemnul.
  3150 | D:2      | Noticed Crazy Yiuf
  3164 | D:2      | Killed Crazy Yiuf
  3164 | D:2      | Reached XP level 5. HP: 4/39 MP: 8/8
  3173 | D:2      | HP: 1/39 [poisoned by Crazy Yiuf]
  3179 | D:2      | Succumbed to Crazy Yiuf's poison

Skill      XL: |  1  2  3 |
---------------+----------+-----
Axes           | 2 |  2.9
Dodging        | 3 |  3.5
Armour         | 1 |  1.8
Fighting       | |  2.7
Spellcasting   | |  2.1
Charms         | |  3.5

Action                   |  1- 3 |  4- 6 || total
-------------------------+-------+-------++-------
Melee: Hand axe          |   122 |    86 ||   208
  Use: Scroll            |     7 |     3 ||    10
       Potion            |     2 |     4 ||     6
  Eat: Bread ration      |     1 |     1 ||     2
Armor: Scale mail        |    70 |    32 ||   102
Dodge: Dodged            |    65 |    30 ||    95
